Map: Dusty Gorge

Players

MAX - Winner!

  • Race: Zerg Zerg
  • League: Platinum
  • Spawn Location: 3:00

pseis - Winner!

  • Race: Zerg Zerg
  • League: Diamond
  • Spawn Location: 5:00

ILIEKEGGPIE

  • Race: Protoss Protoss
  • League: Platinum
  • Spawn Location: 9:00

dorodax

  • Race: Zerg Zerg
  • Spawn Location: 11:00

VOD

Have the link to the VOD?

Description

Time

  • Played on: May 25, 2018, 6:11 p.m.
  • Length: 6:46
Show
View Real Time Build Order
Export as new Build Order

MAX Zerg - Winner!

Build Orders: Pool First 

Get SALT Encoding   

  12  0:01  Drone  
  13  0:09  Drone  
  14  0:18  Overlord  
  14  0:37  Drone x3  
  17  0:50  Spawning Pool, Drone  
  17  0:56  Extractor  
  16  1:00  Drone  
  17  1:10  Drone  
  18  1:35  Hatchery  
  18  1:36  Zergling x2  
  18  1:37  Zergling x2  
  19  1:40  Queen  
  19  1:44  Zergling x2  
  22  2:07  Overlord  
  22  2:11  Metabolic Boost  
  22  2:27  Zergling x4  
  22  2:28  Zergling x2  
  25  2:40  Zergling x2  
  26  3:02  Zergling x4  
  26  3:03  Zergling x8  
  31  3:26  Lair  
  31  3:28  Drone  
  31  3:29  Drone, Extractor  
  31  3:31  Queen  
  31  3:32  Zergling x4  
  31  3:34  Overlord  
  36  3:48  Roach Warren  
  35  3:49  Drone  
  35  3:50  Overlord  
  36  3:56  Zergling x4  
  36  4:02  Drone  
  39  4:05  Drone  
  36  4:25  Zergling x10  
  36  4:49  Roach x3  
  36  4:50  Roach  
  36  4:52  Drone  
  45  5:01  Glial Reconstitution  
  42  5:27  Zergling x10  
  42  5:28  Zergling x4  
  42  6:19  Roach x4  
  42  6:20  Zergling x2  
  42  6:21  Overlord x3  
Show
View Real Time Build Order
Export as new Build Order

pseis Zerg - Winner!

Build Orders: Pool First 

Get SALT Encoding   

  12  0:02  Drone  
  13  0:12  Overlord  
  13  0:18  Drone  
  14  0:31  Drone x2  
  14  0:32  Extractor  
  14  0:35  Drone  
  16  0:49  Spawning Pool  
  15  0:52  Drone  
  15  0:56  Drone  
  17  1:07  Drone  
  18  1:17  Drone  
  19  1:28  Overlord  
  19  1:35  Metabolic Boost  
  19  1:43  Zergling x2  
  20  1:50  Zergling x2  
  21  2:02  Hatchery  
  21  2:07  Zergling x2  
  21  2:19  Zergling x2  
  22  2:28  Queen  
  24  2:30  Zergling x2  
  25  2:40  Zergling x2  
  26  2:48  Overlord  
  25  3:16  Zergling x2  
  25  3:17  Zergling x6  
  27  3:23  Lair  
  27  3:26  Queen  
  29  3:41  Zergling x8  
  33  3:49  Drone x2  
  33  3:54  Overlord  
  33  3:55  Overlord x2  
  35  4:05  Baneling Nest  
  35  4:08  Drone  
  27  4:34  Drone x2  
  27  4:35  Drone x4  
  33  4:39  Zergling x4  
  33  4:40  Zergling x2  
  33  4:43  Extractor  
  34  4:49  Baneling x2  
  34  4:50  Baneling x2  
  34  4:52  Zergling x2  
  35  4:53  Zergling x2  
  35  4:58  Centrifical Hooks  
  36  5:04  Zergling x4  
  38  5:19  Zergling x10  
  38  5:20  Baneling  
  41  5:22  Baneling  
  41  5:25  Drone x3, Extractor  
  43  5:43  Baneling  
  43  5:44  Baneling  
  41  6:07  Zergling x2  
  41  6:08  Zergling x12  
  46  6:12  Zergling x2  
  46  6:13  Zergling x8  
  46  6:14  Baneling x4  
  46  6:15  Baneling x2  
  51  6:20  Drone  
Show
View Real Time Build Order
Export as new Build Order

ILIEKEGGPIE Protoss 

Build Orders:  

Get SALT Encoding   

  12  0:00  Probe  
  13  0:13  Probe  
  14  0:25  Pylon  
  14  0:27  Probe  
  15  0:39  Probe  
  15  0:47  Probe  
  15  0:49  Gateway  
  16  0:52  Assimilator  
  17  1:03  Assimilator  
  17  1:05  Probe  
  18  1:14  Gateway  
  18  1:18  Probe  
  19  1:26  Probe  
  19  1:28  Pylon  
  20  1:41  Cybernetics Core  
  20  1:47  Zealot  
  22  1:50  Probe  
  23  2:06  Probe  
  23  2:08  Stalker  
  24  2:17  Stalker  
  24  2:18  Warp Gate  
  28  2:33  Gateway  
  28  2:38  Gateway  
  28  3:12  Adept  
  30  3:18  Pylon  
  30  3:36  Stalker x2, Adept, Pylon  
  36  3:48  Adept  
  38  4:08  Nexus  
  38  4:15  Robotics Facility  
  38  4:28  Zealot  
  26  4:38  Sentry x2  
  30  4:57  Adept  
  32  5:01  Warp Prism  
  34  5:07  Pylon  
  34  5:26  Adept  
  34  5:27  Adept x2  
  40  5:29  Adept  
  42  5:46  Probe  
  42  5:47  Probe  
  42  5:53  Immortal  
  42  5:54  Probe  
  42  5:55  Probe  
  50  6:04  Probe x2  
  52  6:14  Adept x2  
  52  6:16  Probe  
  47  6:36  Adept  
  47  6:37  Adept x3  
Show
View Real Time Build Order
Export as new Build Order

dorodax Zerg 

Build Orders: Pool First 

Get SALT Encoding   

  12  0:01  Drone  
  13  0:08  Drone  
  14  0:15  Extractor  
  14  0:16  Drone  
  15  0:32  Spawning Pool  
  14  0:38  Extractor  
  14  0:40  Drone  
  14  0:46  Overlord  
  14  0:50  Extractor  
  14  0:53  Drone  
  16  1:02  Extractor  
  15  1:06  Drone x2  
  17  1:17  Drone  
  18  1:20  Queen  
  20  1:26  Drone  
  21  1:33  Extractor  
  21  1:34  Overlord  
  20  1:47  Zergling x2  
  21  2:00  Zergling x2  
  22  2:03  Metabolic Boost  
  22  2:08  Zergling x2  
  22  2:11  Queen  
  25  2:21  Zergling x2  
  26  2:31  Overlord  
  26  2:32  Zergling x6  
  29  2:38  Spine Crawler  
  26  3:03  Zergling x4  
  26  3:04  Queen  
  30  3:43  Drone  
  30  3:44  Drone x4  
  35  3:49  Drone x3  
  38  4:05  Hatchery  
  28  4:27  Zergling x6  
  28  4:28  Zergling x6  
  34  4:57  Zergling x2  
  34  4:58  Zergling x6  
  38  5:07  Overlord  
  38  5:14  Baneling Nest  
  37  5:24  Overlord  
  37  5:25  Zergling x6  
  40  5:48  Zergling x2  
  40  5:49  Zergling x6  
Tags
 
Add a new tag
Caveats
  • Supply blocks, unpowered buildings, or Contaminate may cause inaccurate times.
  • Supply counts are checked every 10 seconds.